 Dungeon Crawl Stone Soup version 0.28.0-53-g5a82cb258f (webtiles) character file.

Game seed: 6372081435819282968

47 MilanorTSW the Shield-Bearer (level 3, 0/35 HPs)
             Began as a Gnoll Fighter on June 17, 2022.
             Slain by Terence
             ... wielding a +0 hand axe
              (5 damage)
             ... on level 2 of the Dungeon.
             The game lasted 00:03:48 (1282 turns).

MilanorTSW the Shield-Bearer (Gnoll Fighter)        Turns: 1282, Time: 00:03:49

Health: 0/35       AC:  7    Str: 17    XL:     3   Next: 70%
Magic:  4/4        EV:  9    Int:  7    God:
Gold:   86         SH:  5    Dex: 11    Spells: 3/3 levels left

rFire   . . .      SeeInvis .   a - +0 war axe
rCold   . . .      Faith    .   c - +0 buckler
rNeg    . . .      Spirit   .   b - +0 scale mail
rPois   .          Reflect  .   (no helmet)
rElec   .          Harm     .   (no cloak)
rCorr   .          Rampage  .   (no gloves)
Will    .....                   (no boots)
Stlth   ..........              (no amulet)
HPRegen 0.11/turn               (no ring)
MPRegen 0.09/turn               (no ring)

@: mighty, hasted, very quick
A: fangs 1, strong nose, distributed training
a: no special abilities


You were on level 2 of the Dungeon.
You visited 1 branch of the dungeon, and saw 2 of its levels.

You collected 86 gold pieces.

Inventory:

Hand Weapons
 a - a +0 war axe (weapon)
Missiles
 l - 55 stones (quivered)
Armour
 b - a +0 scale mail (worn)
 c - a +0 buckler (worn)
Scrolls
 f - 2 scrolls of noise {unknown}
 g - a scroll of identify {unknown}
 i - a scroll of enchant armour {unknown}
 j - a scroll of magic mapping {unknown}
Potions
 d - a potion of might
 e - a potion of heal wounds {unknown}
 h - a potion of lignification {unknown}
 k - a potion of haste


   Skills:
 + Level 6.5 Fighting
 + Level 0.9 Short Blades
 + Level 0.9 Long Blades
 + Level 4.5 Axes
 + Level 0.9 Maces & Flails
 + Level 0.9 Polearms
 + Level 0.9 Staves
 + Level 0.9 Slings
 + Level 0.9 Bows
 + Level 0.9 Crossbows
 + Level 0.9 Throwing
 + Level 6.5 Armour
 + Level 0.9 Dodging
 + Level 0.9 Stealth
 + Level 6.5 Shields
 + Level 0.9 Unarmed Combat
 + Level 0.9 Spellcasting
 + Level 0.6 Conjurations
 + Level 0.6 Hexes
 + Level 0.6 Summonings
 + Level 0.6 Necromancy
 + Level 0.6 Translocations
 + Level 0.6 Transmutations
 + Level 0.6 Fire Magic
 + Level 0.6 Ice Magic
 + Level 0.6 Air Magic
 + Level 0.6 Earth Magic
 + Level 0.6 Poison Magic
 + Level 1.0 Invocations
 + Level 0.9 Evocations


You had 3 spell levels left.
You didn't know any spells.
Your spell library was empty.

Dungeon Overview and Level Annotations

Branches:
Dungeon (2/15)

Altars:

Annotations:
D:2 Terence


Innate Abilities, Weirdness & Mutations

You have very sharp teeth.
Your uncanny sense of smell can sniff out nearby items.
Your experience applies equally to all skills.


Message History

The puff of flame hits you.
Terence zaps a wand.
The puff of flame hits you.
You closely miss Terence. Terence hits you but does no damage.
Terence hits you with a +0 hand axe.
You barely miss Terence. Terence looks scornfully at you.
Terence hits you with a +0 hand axe.
You hit Terence.
Terence is lightly wounded.
Terence hits you but does no damage.
You hit Terence.
Terence is lightly wounded.
Terence says, "Don't bother to defend, it's senseless."
Terence hits you with a +0 hand axe. You block Terence's attack.
You hit Terence. You bite Terence, but do no damage.
Terence is moderately wounded.
Terence hits you with a +0 hand axe.
You hit Terence but do no damage.
Terence is moderately wounded.
Terence hits you but does no damage.
You hit Terence but do no damage. You bite Terence, but do no damage.
Terence is moderately wounded.
Terence zaps a wand.
The puff of flame hits you!
* * * LOW HITPOINT WARNING * * *
You block Terence's attack.
Sorry, you're not good enough to have a special ability.
It was a potion of haste.
You feel yourself speed up.
Terence zaps a wand.
The puff of flame misses you.
You feel very mighty all of a sudden.
You slash Terence! You bite Terence, but do no damage.
Terence is severely wounded.
Terence hits you with a +0 hand axe.
* * * LOW HITPOINT WARNING * * *
You barely miss Terence.
Terence is severely wounded.
Terence hits you with a +0 hand axe.
You die...

#............. #.#...
#@..................♣.
#................#....
#......$...... ..###..
#............. ......
#............ ..###
#.....#..... #.#..
##@.....# #.#.#
##@......## ###...#
#.........###.)...#
#.............###[.
#.........#..#####.
#..............####
##....P......##..#
#.....♣..........#
###.....♣......###.#
#.......♣♣.....# .. .


You could see Terence.

Vanquished Creatures
  A dart slug (D:1)
  7 ball pythons
  5 bats
  5 endoplasms (D:1)
  A giant cockroach (D:1)
  2 goblins
  2 hobgoblins (D:1)
  5 jackals (D:1)
  A quokka (D:1)
  3 frilled lizards
  4 kobolds (D:1)
  4 rats
40 creatures vanquished.

Notes
Turn   | Place    | Note
-------+----------+-------------------------------------------
     0 | D:1      | MilanorTSW the Gnoll Fighter began the quest for the Orb.
     0 | D:1      | Reached XP level 1. HP: 23/23 MP: 1/1
   109 | D:1      | Reached XP level 2. HP: 20/29 MP: 2/2
   280 | D:1      | Found a faded altar of an unknown god.
   325 | D:1      | Reached XP level 3. HP: 29/35 MP: 3/3
   878 | D:1      | Reached skill level 1 in Invocations
  1262 | D:2      | Noticed Terence
  1282 | D:2      | Slain by Terence

Illustrated notes

Levels and vault maps discovered:
D:1:      roderic_octagonal_star, layout_basic, basic_ecumenical_altar
D:2:      layout_rooms, serial_forest, infiniplex_forest_clump_curved,
          infiniplex_forest_end_1, infiniplex_forest_clump_C,
          infiniplex_forest_corner_1, infiniplex_forest_clump_small,
          infiniplex_forest_lined_3_way, infiniplex_forest_lined_3_way,
          uniq_terence

Skill      XL: |  1  2  3 |
---------------+----------+-----
Invocations    | 1 |  1.0
Fighting       | |  6.5
Short Blades   | |  0.9
Long Blades    | |  0.9
Axes           | |  4.5
Maces & Flails | |  0.9
Polearms       | |  0.9
Staves         | |  0.9
Slings         | |  0.9
Bows           | |  0.9
Crossbows      | |  0.9
Throwing       | |  0.9
Armour         | |  6.5
Dodging        | |  0.9
Stealth        | |  0.9
Shields        | |  6.5
Unarmed Combat | |  0.9
Spellcasting   | |  0.9
Conjurations   | |  0.6
Hexes          | |  0.6
Summonings     | |  0.6
Necromancy     | |  0.6
Translocations | |  0.6
Transmutations | |  0.6
Fire Magic     | |  0.6
Ice Magic      | |  0.6
Air Magic      | |  0.6
Earth Magic    | |  0.6
Poison Magic   | |  0.6
Evocations     | |  0.9

Action                   || total
-------------------------++-------
Melee: War axe           ||   131
       Bite              ||    15
  Use: Potion            ||     2
Armor: Scale mail        ||    50
Dodge: Dodged            ||    65
Block: Buckler           ||    42
